 Dungeon Sprint DCSS version 0.31-a0-256-g80acddb972 (webtiles) character file.

Game seed: 18092451175700058995

330 Conn the Arsonist (level 6, 0/36 HPs)
             Began as an Octopode Fire Elementalist on July 13, 2023.
             Was an Initiate of Sif Muna.
             Slain by a polar bear (3 damage)
             ... in the Dungeon (Sprint II: "The Violet Keep of Menkaure").
             The game lasted 00:02:50 (315 turns).

Conn the Arsonist (Octopode Fire Elementalist)       Turns: 315, Time: 00:02:51

Health: 0/36       AC:  1    Str:  7    XL:     6   Next: 51%
Magic:  4/14       EV: 14    Int: 20    God:    Sif Muna [......]
Gold:   486        SH:  0    Dex: 12    Spells: 6/16 levels left

rFire   . .          .
                       - Unarmed
rCold   . . .        (no shield)
rNeg    . . .        (helmet restricted)
rPois   .            (no amulet)
rElec   .            (no ring)
rCorr   .            (no ring)
SInv    .            (no ring)
Will    .....        (no ring)
Stlth   ++++         (no ring)
HPRegen 0.26/turn    (no ring)
MPRegen 0.14/turn    (no ring)
                     (no ring)

%: no teleportation
@: no status effects
A: almost no armour, amphibious, 8 rings, camouflage 1, gelatinous body 1,
(nimble swimmer 1), tentacles
a: Renounce Religion


You were in the Dungeon.
You worshipped Sif Muna.
Sif Muna was noncommittal.
You visited 1 branch You collected 486 gold pieces.

Inventory:

Scrolls
 f - a scroll of blinking
Potions
 a - 3 potions of magic
 b - a potion of curing
 c - a potion of heal wounds


   Skills:
 + Level 4.9 Dodging
 - Level 6.2 Stealth
 - Level 3.1 Unarmed Combat
 * Level 5.9 Spellcasting
 * Level 2.5 Conjurations
 + Level 9.7 Fire Magic


You had 6 spell levels left.
You knew the following spells:

 Your Spells              Type           Power      Damage    Failure   Level
a - Foxfire               Conj/Fire      100%       2x1d9     1%          1
b - Scorch                Fire           88%        2d9       1%          2
c - Inner Flame           Hex/Fire       25%        N/A       4%          3
d - Flame Wave            Conj/Fire      30%        2d9       9%          4

Your spell library contained the following spells:

 Spells                   Type           Power      Damage    Failure   Level
 Volatile Blastmotes      Fire/Tloc      50%        2d14      4%          3


Dungeon Overview and Level Annotations

Branches:
Dungeon (1/1)

Altars:
Cheibriados
Dithmenos
Elyvilon
Fedhas
Gozag
Hepliaklqana
Kikubaaqudgha
Makhleb
Nemelex Xobeh
Okawaru
Qazlal
Ru
Sif Muna
Trog
Uskayaw
Vehumet
Wu Jian
Xom
Yredelemnul
Zin
The Shining One
Jiyva
Lugonu


Innate Abilities, Weirdness & Mutations

You cannot wear most types of armour.
You are amphibious.
You can wear up to eight rings at the same time.
Your skin changes colour to match your surroundings (Stealth+).
Your rubbery body absorbs attacks. (AC +1, EV +1)
((You are camouflaged when in or above water. (Stealth+)))
You have tentacles for arms and can constrict up to eight enemies at once.


Message History

The polar bear is engulfed in a cloud of scalding steam.
Unknown command.
Press < or > to pray at altars.
A wave of flame ripples out!
The flame wave engulfs the yaktaur!
The yaktaur is moderately wounded.
The flame wave engulfs the polar bear.
The polar bear is moderately wounded.
The flame wave engulfs the polar bear!
The polar bear is heavily wounded.
The flame wave engulfs the hornet!
The hornet is moderately wounded.
The flame wave engulfs the polar bear!
The polar bear is moderately wounded.
You finish channelling waves of flame.
The polar bear is engulfed in a cloud of scalding steam.
The yaktaur barely misses you. The polar bear closely misses you.
The polar bear claws you. x2
Unknown command.
Press < or > to pray at altars.
Unknown command.
Press < or > to pray at altars.
Casting: Flame Wave (quite dangerous; 9% risk of failure)
Confirm with . or Enter, or press ? or * to list all spells.
The spell is quite dangerous to miscast (9% risk of failure)!
Continue anyway?
Casting: Flame Wave (quite dangerous; 9% risk of failure)
Press: ? - help, Dir - look around, f - activate A wave of flame ripples out!
The flame wave engulfs the yaktaur!
The yaktaur is severely wounded.
The flame wave engulfs the polar bear.
The polar bear is moderately wounded. (Press . to intensify the flame waves.)
The hornet is engulfed in a cloud of scalding steam. x2
The polar bear is engulfed in a cloud of scalding steam.
The polar bear bites you!!
Ouch! That really hurt!
* * * LOW HITPOINT WARNING * * *
The polar bear claws you.
* * * LOW HITPOINT WARNING * * *
The polar bear claws you.
You die...

##.# ...# ...# #†####..##
#..# $#▓$)(??! '###.##..#
+..# .#▓[!$[=$$ .##..##..#
#..# .#▓[$!???$(
<††##.'..####..##.#▓$??$[$?$
.##..##....###.h.##▓▓▓▓▓▓▓+
+###.##......§§yh§~~~~~~~~.
#B ###~~.....§#c########+###
..#~~~§~~~..~#h@._._..#S§~##
.##~~~~~§~~.~#.._._._.#S~≈≈##
##~~~≈≈≈~~~§~#._._._._#§~~~§#
~~~~~~≈≈§≈~~~#_._._._.#~~§≈≈§
+++#~≈§§§§§§~#._._._..#~§~~~≈
##§§≈###§§#_._._...#~~~§≈~
#≈≈ #§≈#._._....#~§§§§≈
#§§#_._.....#~≈≈≈▓▓
≈≈≈##########~≈§≈▓z


You could see 3 polar bears, a yaktaur and a hornet.

Vanquished Creatures
  A water moccasin (D)
  4 scorpions (D)
  3 worms (D)
8 creatures vanquished.

Vanquished Creatures (others)
  Menkaure (D)
  4 foxfires (D)
5 creatures vanquished.

Grand Total: 13 creatures vanquished

Notes
Turn   | Place    | Note
-------+----------+-------------------------------------------
     0 | D        | Conn the Octopode Fire Elementalist began the quest for the
                  | Orb.
     0 | D        | Reached XP level 1. HP: 11/11 MP: 3/3
     1 | D        | Noticed a merfolk siren
     8 | D        | Noticed a boulder beetle
     8 | D        | Noticed a boulder beetle
    11 | D        | Noticed a scorpion
    11 | D        | Noticed a scorpion
    11 | D        | Noticed a scorpion
    11 | D        | Noticed a scorpion
    18 | D        | Killed Menkaure
    21 | D        | Killed a scorpion
    22 | D        | Reached skill level 6 in Fire Magic
    22 | D        | Reached XP level 2. HP: 11/17 MP: 0/6
    22 | D        | Reached XP level 3. HP: 13/21 MP: 0/8
    22 | D        | Reached XP level 4. HP: 18/27 MP: 0/9
    26 | D        | Killed a scorpion
    27 | D        | Reached skill level 1 in Unarmed Combat
    27 | D        | Reached skill level 7 in Fire Magic
    27 | D        | Reached XP level 5. HP: 18/31 MP: 0/11
    29 | D        | Reached skill level 5 in Stealth
    29 | D        | Reached skill level 5 in Spellcasting
    29 | D        | Reached skill level 8 in Fire Magic
    39 | D        | Reached skill level 9 in Fire Magic
    39 | D        | Reached XP level 6. HP: 8/36 MP: 1/14
    50 | D        | Learned a level 2 spell: Scorch
    54 | D        | Learned a level 3 spell: Inner Flame
    59 | D        | Learned a level 4 spell: Flame Wave
   175 | D        | Found a glowing silver altar of Zin.
   176 | D        | Found a glowing golden altar of the Shining One.
   176 | D        | Found a basalt altar of Yredelemnul.
   176 | D        | Found a hide-covered altar of Uskayaw.
   176 | D        | Found a radiant altar of Vehumet.
   177 | D        | Found a shimmering altar of Xom.
   177 | D        | Found a bloodstained altar of Trog.
   177 | D        | Found a burning altar of Makhleb.
   178 | D        | Found an ornate altar of the Wu Jian Council.
   178 | D        | Found a shimmering blue altar of Sif Muna.
   178 | D        | Found a corrupted altar of Lugonu.
   178 | D        | Found a sparkling altar of Nemelex Xobeh.
   178 | D        | Found a blossoming altar of Fedhas.
   179 | D        | Found a sacrificial altar of Ru.
   179 | D        | Found an ancient bone altar of Kikubaaqudgha.
   179 | D        | Found a white marble altar of Elyvilon.
   180 | D        | Found a stormy altar of Qazlal.
   180 | D        | Found a viscous altar of Jiyva.
   180 | D        | Found a shadowy altar of Dithmenos.
   181 | D        | Found a hazy altar of Hepliaklqana.
   181 | D        | Found a snail-covered altar of Cheibriados.
   184 | D        | Found an opulent altar of Gozag.
   184 | D        | Found an iron altar of Okawaru.
   184 | D        | Noticed a water moccasin
   186 | D        | Noticed a water moccasin
   187 | D        | Noticed a water moccasin
   189 | D        | Became a worshipper of Sif Muna the Loreminder
   195 | D        | Killed a water moccasin
   204 | D        | Noticed a water moccasin
   204 | D        | Noticed a flying skull
   204 | D        | Noticed a flying skull
   220 | D        | Noticed a yaktaur
   220 | D        | Noticed a hornet
   220 | D        | Noticed a polar bear
   220 | D        | Noticed a polar bear
   310 | D        | Noticed a polar bear
   315 | D        | Slain by a polar bear

Illustrated notes

Levels and vault maps discovered:
D:        the_violet_keep_of_menkaure [sprint2_stairs_cluster_1,
          sprint2_shoproom, sprint2_temple, sprint2_basic_supplies,
          sprint2_obstacle_3, sprint2_obstacle_7, sprint2_obstacle_2,
          sprint2_obstacle_4, sprint2_obstacle_6, sprint2_timed_cluster_1,
          sprint2_smallroom_cluster_1, sprint2_smallroom_final_cluster_1,
          sprint2_transparent_cluster_1, sprint2_second_timed_cluster_1,
          sprint2_sniper_area_1, sprint2_heavy_combat_area_1,
          sprint2_mutation_trap_area_1, sprint2_forest_area_1,
          sprint2_light_combat_area_1, sprint2_behind_water_1,
          sprint2_near_end_vault_1]

Skill      XL: |  1  2  3  4  5  6 |
---------------+-------------------+-----
Dodging        | 3 4 |  4.9
Stealth        | 4 5 6 |  6.2
Spellcasting   | 3 4 5 |  5.9
Fire Magic     | 6 7 9 |  9.7
Unarmed Combat | 1 2 3 |  3.1
Conjurations   | 2 |  2.5

Action                     |  1- 3 |  4- 6 || total
---------------------------+-------+-------++-------
  Melee: Unarmed           |     3 |    17 ||    20
         Tentacles         |     1 |     3 ||     4
         Constrict         |     1 |     3 ||     4
         Punch             |       |     1 ||     1
   Cast: Foxfire           |     2 |       ||     2
         Scorch            |       |     4 ||     4
         Flame Wave        |       |     4 ||     4
    Use: Potion            |     2 |       ||     2
 Armour: Skin              |     1 |       ||     1
  Dodge: Dodged            |       |    14 ||    14

Table legend: (Time is in decaauts)
 A = Elapsed time spent in this place.
 B = Non-inter-level travel time spent in this place.
 C = Inter-level travel time spent in this place.
 D = Time resting spent in this place.
 E = Time spent auto-exploring this place.
 F = Levels seen in this place.
 G = Mean time per level.
                   A        B        C        D        E       F      G
               +--------+--------+--------+--------+--------+-----+--------+
         Total |    307 |    307 |      0 |    162 |      0 |   1 |  307.0 |
       Dungeon |    307 |    307 |      0 |    162 |      0 |   1 |  307.0 |
               +--------+--------+--------+--------+--------+-----+--------+

Top non-repeatable levels by time:
       D: 307 daAuts
